 Dungeon Crawl Stone Soup version 0.30.1-11-g7821555f0a (webtiles) character file.

Game seed: 14635743458480133645

84 testeroni the Sneak (level 4, 0/27 HPs)
             Began as a Kobold Brigand on Dec 1, 2023.
             Frozen to death by an endoplasm (3 damage)
             ... on level 3 of the Dungeon.
             The game lasted 00:20:03 (1225 turns).

testeroni the Sneak (Kobold Brigand)                Turns: 1225, Time: 00:20:04

Health: 0/27       AC:  4    Str:  8    XL:     4   Next: 72%
Magic:  4/4        EV: 14    Int: 14    God:
Gold:   104        SH:  0    Dex: 16    Spells: 3/3 levels left

rFire   . . .        a - +3 dagger
rCold   . . .        (no shield)
rNeg    . . .        g - +0 leather armour
rPois   .            (no helmet)
rElec   .            (no cloak)
rCorr   .            f - +0 pair of gloves
SInv    .            (no boots)
Will    .....        (no amulet)
Stlth   ++++         (no ring)
HPRegen 0.24/turn    (no ring)
MPRegen 0.09/turn

%: no passive effects
@: no status effects
A: small, no large weapons, nightstalker 3
a: no special abilities


You were on level 3 of the Dungeon.
You visited 1 branch of the dungeon, and saw 3 of its levels.

You collected 137 gold pieces.
You spent 33 gold pieces at shops.

Inventory:

Hand Weapons
 a - a +3 dagger (weapon)
Missiles
 d - 7 poisoned darts (quivered)
 e - 3 curare-tipped darts
Armour
 f - a +0 pair of gloves (worn)
 g - a +0 leather armour (worn)


   Skills:
 + Level 2.4 Fighting
 + Level 3.7 Short Blades
 + Level 2.9 Throwing
 + Level 0.5 Armour
 + Level 1.8 Dodging
 + Level 6.4 Stealth


You had 3 spell levels left.
You didn't know any spells.
Your spell library was empty.

Dungeon Overview and Level Annotations

Branches:
Dungeon (3/15)

Altars:

Shops:
D:1 !


Innate Abilities, Weirdness & Mutations

You are small and have problems with some larger weapons.
You are completely attuned to the shadows.


Message History

The frilled lizard bites you.
* * * LOW HITPOINT WARNING * * *
The bat hits you but does no damage. The bat barely misses you.
The bat attacks as you move away! The bat misses you.
The bat hits you but does no damage. The bat hits you but does no damage.
The bat attacks as you move away! The bat closely misses you.
The bat misses you. The bat attacks as you move away!
The bat hits you but does no damage.
The frilled lizard attacks as you move away!
The frilled lizard closely misses you. The bat completely misses you.
The frilled lizard attacks as you move away!
The frilled lizard bites you but does no damage.
The bat hits you but does no damage. The bat misses you.
The frilled lizard bites you. The bat closely misses you.
The hobgoblin hits you. The goblin closely misses you.
You hit the bat.
You kill the bat!
The endoplasm freezes you.
You are frozen.
* * * LOW HITPOINT WARNING * * *
The hobgoblin barely misses you. The goblin barely misses you.
You miss the frilled lizard. You closely miss the frilled lizard.
The goblin hits you but does no damage. The endoplasm closely misses you.
The hobgoblin hits you.
* * * LOW HITPOINT WARNING * * *
The frilled lizard completely misses you.
You hit the frilled lizard.
You kill the frilled lizard!
The goblin hits you but does no damage. The endoplasm closely misses you.
The hobgoblin barely misses you.
The hobgoblin hits you but does no damage.
The goblin barely misses you. The hobgoblin hits you.
* * * LOW HITPOINT WARNING * * *
The endoplasm freezes you.
You are frozen.
You die...

#...........
#...........
##8..∩..8.!♣
.........
.........
..♣.....∩..
...........
...........
..∩.@g.....
####.Jg##
##.## ##.#
..# .#.


You could see an endoplasm, a hobgoblin and a goblin.

Vanquished Creatures
  A hound (D:3)
  An adder (D:2)
  A dart slug (D:1)
  3 bats
  3 endoplasms (D:1)
  A giant cockroach (D:1)
  A goblin (D:1)
  4 hobgoblins (D:1)
  7 jackals
  A kobold (D:1)
  2 quokkas (D:1)
  8 ball pythons
  A frilled lizard (D:3)
  4 rats (D:1)
38 creatures vanquished.

Notes
Turn   | Place    | Note
-------+----------+-------------------------------------------
     0 | D:1      | testeroni the Kobold Brigand began the quest for the Orb.
     0 | D:1      | Reached XP level 1. HP: 12/12 MP: 1/1
    43 | D:1      | Found Duerosao's Distillery.
   235 | D:1      | Reached XP level 2. HP: 9/17 MP: 2/2
   521 | D:1      | Reached XP level 3. HP: 20/21 MP: 3/3
   583 | D:1      | Reached skill level 6 in Stealth
  1007 | D:1      | Bought a potion of curing for 33 gold pieces
  1083 | D:2      | Reached XP level 4. HP: 15/26 MP: 4/4
  1179 | D:3      | Found a faded altar of an unknown god.
  1225 | D:3      | Frozen to death by an endoplasm

Illustrated notes

Levels and vault maps discovered:
D:1:      minmay_arrival_diagonal_passages, layout_basic, serial_shops,
          nicolae_shop_peninsula
D:2:      kennysheep_the_goblin_king, layout_loops_ring, uniq_robin,
          uniq_crazy_yiuf_cottage, uniq_terence
D:3:      layout_loops_ring, amcnicky_altar_gilded, dancing_weapons_uskayaw,
          hellmonk_ecumenical_altar_arch_garden, saegor_snake_ambush

Skill      XL: |  1  2  3 |
---------------+----------+-----
Short Blades   | 3 |  3.7
Stealth        | 6 |  6.4
Fighting       | |  2.4
Throwing       | |  2.9
Armour         | |  0.5
Dodging        | |  1.8

Action                     |  1- 3 |  4- 6 || total
---------------------------+-------+-------++-------
  Melee: Dagger            |    80 |    24 ||   104
  Throw: Dart              |    20 |       ||    20
    Use: Scroll            |     3 |       ||     3
         Potion            |       |     1 ||     1
   Stab: Sleeping          |     6 |       ||     6
 Armour: Robe              |     2 |       ||     2
         Leather armour    |    25 |    30 ||    55
  Dodge: Dodged            |    72 |    64 ||   136
